 Dungeon Crawl Stone Soup version 0.21-a0-442-g848f44b (webtiles) character file.

6598 tof the Carver (level 10, -44/71 HPs)
             Began as a Demonspawn Monk on Nov 14, 2017.
             Was a Priest of Hepliaklqana.
             Killed from afar by a hellephant (70 damage)
             ... with a blast of flame
             ... on level 2 of the Abyss.
             The game lasted 00:22:53 (10619 turns).

tof the Carver (Demonspawn Monk)                   Turns: 10619, Time: 00:22:54

Health: -44/71     AC: 19    Str: 12    XL:     10   Next: 71%
Magic:  0/10       EV: 15    Int: 16    God:    Hepliaklqana [***...]
Gold:   253        SH:  0    Dex: 18    Spells: 9/9 levels left

rFire    . . .     SeeInvis .   a - +0 falchion
rCold    + . .     Gourm    .   (no shield)
rNeg     . . .     Faith    .   B - +3 ring mail "Xadeib" {Int+4 Slay+4}
rPois    .         Spirit   +   m - +1 helmet
rElec    .         Reflect  .   L - +0 cloak
rCorr    .         Harm     .   (no gloves)
MR       .....                  w - +2 pair of boots
Stlth    +.........             A - amulet of guardian spirit
HPRegen  0.00/turn              z - ring of protection from cold
MPRegen  0.12/turn              (no ring)

@: non-regenerating, diseased
A: reduced essence, yellow scales 2, demonic guardian 1, spiny 2
a: Recall Ancestor, Ancestor Identity, Transference, Renounce Religion


You were on level 2 of the Abyss.
You worshipped Hepliaklqana.
Hepliaklqana was most pleased with you.
You were not hungry.

You visited 2 branches of the dungeon, and saw 9 of its levels.
You visited the Abyss 2 times.

You collected 481 gold pieces.
You spent 228 gold pieces at shops.

Inventory:

Hand Weapons
 a - a +0 falchion (weapon)
 b - a +2 arbalest of flaming
Missiles
 v - 7 tomahawks (quivered)
Armour
 m - a +1 helmet (worn)
 w - a +2 pair of boots (worn)
 B - the +3 ring mail "Xadeib" (worn) {Int+4 Slay+4}
   (You found it on level 6 of the Dungeon)

   It affects your intelligence (+4).
   It affects your accuracy and damage with ranged weapons and melee attacks
   (+4).
 L - a +0 cloak (worn)
Jewellery
 z - a ring of protection from cold (left hand)
 A - an amulet of guardian spirit (around neck)
Wands
 p - a wand of random effects (29/48)
 y - a wand of lightning (8/15)
 I - a wand of digging (12/24)
 J - a wand of random effects (18/48)
 K - a wand of paralysis (9/24)
Scrolls
 d - a scroll of enchant weapon
 g - 3 scrolls of noise {unknown}
 h - 6 scrolls of remove curse
 k - 6 scrolls of teleportation
 n - a scroll of random uselessness {unknown}
 o - 2 scrolls of recharging {unknown}
 s - a scroll of amnesia {unknown}
 t - 2 scrolls of enchant armour {unknown}
 u - a scroll of fog {unknown}
 C - a scroll of identify
 F - a scroll of blinking {unknown}
Potions
 e - 3 potions of curing
 i - 2 potions of haste
 j - 3 potions of heal wounds {unknown}
 q - a potion of ambrosia {unknown}
 r - a potion of mutation {unknown}
 D - a potion of cancellation
 E - a potion of agility
 G - a potion of might
 H - a potion of magic {unknown}
 M - a potion of flight {unknown}
Comestibles
 c - 5 bread rations
 f - 5 fruits
 l - 12 royal jellies
 x - 3 meat rations


   Skills:
 + Level 7.6 Fighting
 * Level 9.6 Long Blades
 + Level 3.9 Crossbows
 + Level 6.2 Armour
 + Level 7.0 Dodging
 - Level 1.7 Stealth


You had 9 spell levels left.
You didn't know any spells.

Dungeon Overview and Level Annotations

Branches:
Dungeon (8/15)             Temple (1/1) D:5            Lair (0/6) D:8

Altars:
Ashenzari
Cheibriados
Fedhas
Gozag
Hepliaklqana
Kikubaaqudgha
Makhleb
Nemelex Xobeh
Okawaru
Qazlal
Ru
Trog
Uskayaw
Vehumet
Zin
The Shining One

Shops:
D:5 }   D:6 !:([


Innate Abilities, Weirdness & Mutations

You are mostly covered in yellow scales. (AC +3)
A weak demonic guardian rushes to your aid.
You are mostly covered in sharp spines.
Your life essence is reduced to manifest your ancestor. (-10% HP)


Message History

The sixfirhy is struck by your spines.
The sixfirhy hits you but does no damage.
Your white imp gestures at the sixfirhy.
The puff of frost hits the sixfirhy.
There is a gateway leading deeper into the Abyss here.
The cacodemon gestures at you. The bolt of energy misses you.
You plunge deeper into the Abyss.
Found an encrusted ring mail.
Found a corrupted altar of Lugonu.
You start resting.
Magic restored.
You start resting.
An ancient zyme comes into view.
A hellephant is nearby!
Found a gnarled glowing staff.
You start resting.
The hellephant breathes flames at you. The blast of flame hits you!
Ouch! That really hurt!
You die...

.. #.# .# #....#
... .. ##
#....#....
...##.###.#..#.|
...ยง.....#.....
.............#.
....#.......## .
..........@..#...
.......5........#
.#.##....##.#.#
#Y##### .# #...
.## .. # .....#
.# #... .. # .
#......## #_...
....


You could see a hellephant and a friendly white imp.

Vanquished Creatures
  A two-headed ogre (D:8)
  A thrashing horror (Abyss:2)
  Maurice (D:8)
  An ancient zyme (Abyss:1)
  Prince Ribbit (D:5)
  3 yaks (D:7)
  A water moccasin (D:7)
  An ice beast (D:8)
  A black bear (D:6)
  3 phantoms
  A centaur (D:5)
  2 ogres (D:4)
  A big kobold (D:8)
  2 bullfrogs
  A scorpion (D:5)
  2 wights (D:7)
  10 killer bees (D:8)
  2 howler monkeys
  2 hounds
  A quasit (D:5)
  2 orc priests
  Ijyb (D:5)
  An iguana (D:5)
  Natasha (thrice) (D:2)
  5 worker ants
  A hound zombie (D:6)
  Robin (D:2)
  7 adders
  3 gnolls
  2 shadow imps (D:6)
  An ufetubus (Abyss:1)
  3 oozes
  An adder skeleton (D:8)
  2 worms (D:2)
  2 dart slugs (D:1)
  An adder simulacrum (D:8)
  8 leopard geckos
  17 orcs
  6 giant cockroaches
  13 goblins
  11 hobgoblins
  2 jackals (D:8)
  2 quokkas
  2 ball pythons (D:3)
  3 bats
  7 frilled lizards
  A jackal zombie (D:5)
  19 kobolds
  10 rats
175 creatures vanquished.

Vanquished Creatures (collateral kills)
  Pikel (D:8)
  A queen bee (D:8)
  The ghost of zero the Chopper, an amateur GrBe of Trog (D:5)
  A yak (D:7)
  A small abomination (Abyss:2)
  2 orc warriors
  A phantom (D:5)
  A crocodile (D:7)
  A big kobold (D:7)
  2 bullfrogs
  4 killer bees (D:8)
  2 wights (D:7)
  2 howler monkeys (D:7)
  3 orc priests
  An orc wizard (D:8)
  An adder (D:5)
  2 gnolls (D:7)
  A white imp (Abyss:2)
  5 orcs
  2 giant cockroaches
  A jackal (D:8)
  4 kobolds
40 creatures vanquished.

Vanquished Creatures (others)
  4 slaves (D:8)
  A killer bee (D:8)
  4 battlemagi
9 creatures vanquished.

Grand Total: 224 creatures vanquished

Notes
Turn   | Place    | Note
-------+----------+-------------------------------------------
     0 | D:1      | tof the Demonspawn Monk began the quest for the Orb.
     0 | D:1      | Reached XP level 1. HP: 18/18 MP: 1/1
   343 | D:1      | Gained mutation: You are partially covered in yellow scales. (AC +2) [demonic ancestry]
   343 | D:1      | Reached XP level 2. HP: 13/24 MP: 2/2
   534 | D:1      | Reached skill level 3 in Long Blades
   946 | D:1      | Reached XP level 3. HP: 5/29 MP: 3/3
  1366 | D:1      | Reached skill level 1 in Armour
  1757 | D:2      | Noticed Natasha
  1765 | D:2      | Killed Natasha
  1765 | D:2      | Gained mutation: You are partially covered in sharp spines. [demonic ancestry]
  1765 | D:2      | Reached XP level 4. HP: 27/35 MP: 4/4
  2199 | D:2      | Noticed Natasha
  2460 | D:2      | Killed Natasha
  2664 | D:2      | Noticed Natasha
  2735 | D:2      | Killed Natasha
  3045 | D:2      | Noticed Robin
  3058 | D:2      | Gained mutation: You are mostly covered in sharp spines. [demonic ancestry]
  3058 | D:2      | Reached XP level 5. HP: 32/42 MP: 5/5
  3069 | D:2      | Killed Robin
  3069 | D:2      | Reached skill level 4 in Long Blades
  3920 | D:3      | Reached XP level 6. HP: 44/48 MP: 6/6
  4945 | D:4      | Reached skill level 5 in Long Blades
  4945 | D:4      | Gained mutation: You are mostly covered in yellow scales. (AC +3) [demonic ancestry]
  4945 | D:4      | Reached XP level 7. HP: 49/55 MP: 7/7
  5643 | D:5      | Entered Level 5 of the Dungeon
  5663 | D:5      | Found a staircase to the Ecumenical Temple.
  5671 | Temple   | Entered the Ecumenical Temple
  5744 | Temple   | Became a worshipper of Hepliaklqana the Forgotten
  5744 | Temple   | Reached * piety under Hepliaklqana
  5744 | Temple   | Reached ** piety under Hepliaklqana
  5745 | Temple   | Remembered your ancestor Qitarah as a battlemage
  6123 | D:5      | Noticed Prince Ribbit
  6133 | D:5      | Killed Prince Ribbit
  6133 | D:5      | Reached skill level 5 in Fighting
  6133 | D:5      | Reached skill level 6 in Long Blades
  6133 | D:5      | Reached XP level 8. HP: 47/55 MP: 8/8
  6463 | D:5      | Noticed Ijyb
  6472 | D:5      | Killed Ijyb
  6507 | D:5      | Noticed zero's ghost (amateur GrBe)
  6520 | D:5      | Killed zero's ghost
  6520 | D:5      | Reached skill level 5 in Dodging
  6691 | D:5      | Found Wieho's Gadget Emporium.
  6708 | D:5      | Found an iron altar of Okawaru.
  7004 | D:6      | Found a glowing golden altar of the Shining One.
  7022 | D:6      | Reached skill level 7 in Long Blades
  7056 | D:6      | Found Wonelaji's Distillery.
  7075 | D:6      | Bought a potion of curing for 36 gold pieces
  7075 | D:6      | Bought a potion of degeneration for 12 gold pieces
  7075 | D:6      | Bought a potion of lignification for 36 gold pieces
  7075 | D:6      | Bought a potion of cancellation for 96 gold pieces
  7075 | D:6      | Bought a potion of agility for 48 gold pieces
  7099 | D:6      | Got a spiked ring mail
  7110 | D:6      | Identified the +3 ring mail "Xadeib" {Int+4 Slay+4} (You found it on level 6 of the Dungeon)
  7250 | D:6      | Found Fipleel's Antique Armour Shop.
  7287 | D:6      | Found Wughaox's Book Shoppe.
  7340 | D:6      | Found Pagoib's Weapon Shop.
  7431 | D:6      | Reached XP level 9. HP: 3/62 MP: 1/9
  8527 | D:7      | Reached skill level 1 in Crossbows
  8610 | D:7      | Reached skill level 8 in Long Blades
  8610 | D:7      | Reached skill level 5 in Armour
  9053 | D:8      | Noticed Pikel
  9059 | D:8      | Killed Pikel
  9236 | D:8      | Noticed a queen bee
  9245 | D:8      | Found a staircase to the Lair.
  9294 | D:8      | Gained mutation: A weak demonic guardian rushes to your aid. [demonic ancestry]
  9294 | D:8      | Reached XP level 10. HP: 69/69 MP: 10/10
  9676 | D:8      | Reached skill level 9 in Long Blades
  9728 | D:8      | Reached *** piety under Hepliaklqana
  9744 | D:8      | Noticed Maurice
  9748 | D:8      | Killed Maurice
  9883 | D:8      | Noticed a two-headed ogre
  9903 | D:8      | Killed a two-headed ogre
  9911 | D:8      | Cast into level 2 of the Abyss (orc warrior)
  9987 | Abyss:2  | Noticed a worldbinder
 10008 | Abyss:2  | Noticed a large abomination
 10009 | Abyss:2  | Noticed a thrashing horror
 10012 | Abyss:2  | Noticed a hellephant
 10021 | Abyss:2  | Noticed a starcursed mass
 10033 | Abyss:2  | Killed a thrashing horror
 10068 | Abyss:2  | Found a corrupted altar of Lugonu.
 10068 | Abyss:2  | Noticed a large abomination
 10070 | D:8      | Escaped the Abyss
 10484 | D:8      | Cast into level 1 of the Abyss (orc warrior)
 10558 | Abyss:1  | Noticed a sixfirhy
 10561 | Abyss:1  | Noticed a cacodemon
 10567 | Abyss:2  | Found a corrupted altar of Lugonu.
 10609 | Abyss:2  | Noticed a hellephant
 10619 | Abyss:2  | Killed from afar by a hellephant

Vault maps used:
D:1:      saegor_arrival_simple_a
D:2:      serial_bayou_lake_a, uniq_natasha, uniq_robin
D:3:      first_bread
D:5:      kennysheep_spiral_hall, nicolae_overflow_hidden_temple,
          minmay_temple_entry_fiery, serial_shops, kennysheep_mini,
          hangedman_abyss_or_decor_stabs, uniq_prince_ribbit1, uniq_ijyb
D:6:      serial_shops, shop, nicolae_shop_window_shopping,
          nicolae_shop_window_shopping, shop, tso_metal_star
D:8:      wad_statue_garden, david_nohive_1, uniq_maurice, uniq_pikel, uniq_grum
Temple:   regret_index_temple_waves

Skill      XL: |  1  2  3  4  5  6  7  8  9 10 |
---------------+-------------------------------+-----
Long Blades    | 3 4 5 6 7 8 9 |  9.6
Dodging        | 3 4 5 6 7 |  7.0
Armour         | 1 2 3 4 5 6 |  6.2
Fighting       | 4 5 6 7 |  7.6
Crossbows      | 2 3 |  3.9
Stealth        | |  1.7

Action                   |  1- 3 |  4- 6 |  7- 9 | 10-12 || total
-------------------------+-------+-------+-------+-------++-------
Melee: Falchion          |    89 |   156 |   193 |    51 ||   489
 Fire: Arbalest          |       |       |    11 |     7 ||    18
Throw: Tomahawk          |       |       |     2 |     5 ||     7
Invok: Ancestor Life: Ba |       |       |     1 |       ||     1
  Use: Scroll            |       |     4 |       |       ||     4
       Potion            |       |       |     1 |       ||     1
 Stab: Sleeping          |     4 |     7 |     4 |       ||    15
       Distracted        |       |     3 |     1 |     1 ||     5
  Eat: Chunk             |     3 |    10 |    13 |     2 ||    28
       Bread ration      |       |       |       |     1 ||     1
Armor: Robe              |     5 |       |       |       ||     5
       Leather armour    |    17 |    32 |    35 |       ||    84
       Ring mail         |       |       |    33 |    42 ||    75
Dodge: Dodged            |    74 |    97 |   119 |    80 ||   370
       Rpst.: Falchion   |    24 |    30 |    25 |    24 ||   103

Table legend:
 A = Spawn XP
 B = Non-spawn XP
 C = Spawn XP percentage of total XP
 D = Spawn monster count
 E = Non-spawn monster count
 F = Spawn count percentage of total count
 G = Total turns spent on level
                    A         B        C        D         E        F      G
               +---------+---------+-------+---------+---------+-------+---------
         Total |    1255 |    8171 |  13.3 |       4 |     211 |   1.9 | 10619
               +---------+---------+-------+---------+---------+-------+---------
           D:1 |       0 |      62 |   0.0 |       0 |      26 |   0.0 |  1930
           D:2 |       0 |     171 |   0.0 |       0 |      29 |   0.0 |  1613
           D:3 |       0 |     190 |   0.0 |       0 |      28 |   0.0 |   900
           D:4 |       0 |     620 |   0.0 |       0 |      14 |   0.0 |  1200
           D:5 |       0 |    1113 |   0.0 |       0 |      29 |   0.0 |  1337
           D:6 |       0 |     716 |   0.0 |       0 |      15 |   0.0 |   985
           D:7 |       0 |    1752 |   0.0 |       0 |      31 |   0.0 |  1309
           D:8 |       0 |    3539 |   0.0 |       0 |      38 |   0.0 |   918
       Abyss:1 |     266 |       8 |  97.1 |       1 |       1 |  50.0 |    83
       Abyss:2 |     989 |       0 | 100.0 |       3 |       0 | 100.0 |   211
               +---------+---------+-------+---------+---------+-------+---------
